 Dungeon Crawl Stone Soup version 0.18.1-47-g9310371 (webtiles) character file.

20169 matakusis the Nimble (level 12, -2/88 HPs)
             Began as a High Elf Skald on June 19, 2016.
             Was a High Priest of Sif Muna.
             Slain by an ice devil (7 damage)
             ... in an ice cave.
             The game lasted 01:33:00 (14991 turns).

matakusis the Nimble (High Elf Skald)              Turns: 14991, Time: 01:33:03

Health: -2/88      AC: 18    Str: 13    XL:     12   Next: 43%
Magic:  18/26      EV: 24    Int: 13    God:    Sif Muna [*****.]
Gold:   1003       SH:  0    Dex: 27    Spells: 6 memorised, 17 levels left

rFire  + . .     SeeInvis .     B - +7 long sword of Rupt {vamp, *Drain +Rage rF+++ Int-5}
rCold  + . .     Gourm    .     i - +6 scale mail of Ru's Indignation {+Blink rF- rN+ Dex+6}
rNeg   + . .     Faith    +     (no shield)
rPois  .         Spirit   .     Q - +2 hat
rElec  .         Dismiss  .     q - +1 cloak {MR+}
rCorr  .         Reflect  .     (no gloves)
SustAt .         Harm     .     (no boots)
MR     ++...                    y - amulet of faith
Stlth  +.........               h - ring of ice
                                H - +3 ring of evasion

@: very resistant to hostile enchantments, very unstealthy
A: horns 1, molten scales 1, agile 1, mutation resistance 1, robust 1, strong 1,
MP-powered wands
a: Channel Energy, Forget Spell, Renounce Religion, Evoke Blink, Evoke Berserk
Rage


You were in an ice cave.
You worshipped Sif Muna.
Sif Muna was extremely pleased with you.
You were full.

You visited 4 branches of the dungeon, and saw 14 of its levels.
You also visited: Sewer, Ossuary and Ice Cave.

You collected 1384 gold pieces.
You spent 381 gold pieces at shops.

Inventory:

Hand Weapons
 B - the +7 long sword of Rupt (weapon) {vamp, *Drain +Rage rF+++ Int-5}
   (You took it off an orc warrior on level 6 of the Dungeon)

   It inflicts no extra harm, but heals its wielder somewhat when it strikes a
   living foe.
   It affects your intelligence (-5).
   It renders you almost immune to fire.
   It lets you go berserk.
   It causes draining when unequipped.
 S - a cursed -1 dagger
Missiles
 o - 2 throwing nets (quivered)
Armour
 i - the +6 scale mail of Ru's Indignation (worn) {+Blink rF- rN+ Dex+6}
   (You bought it in a shop on level 1 of the Orcish Mines)

   It affects your dexterity (+6).
   It makes you vulnerable to fire.
   It protects you from negative energy.
   It lets you blink.
 m - a +2 leather armour of poison resistance
 q - a +1 cloak of magic resistance (worn)
 Q - a +2 hat (worn)
 V - a +0 large shield
Jewellery
 b - a +3 ring of dexterity
 e - a +1 ring of slaying
 h - a ring of ice (right hand)
 n - an uncursed ring of resist corrosion
 t - a +3 ring of intelligence
 y - an amulet of faith (around neck)
 H - a +3 ring of evasion (left hand)
 L - an uncursed ring of sustain attributes
 M - an uncursed amulet of the gourmand
Wands
 v - a wand of flame (31/48)
 D - a wand of lightning (7/15)
 F - a wand of confusion (29/48)
 G - a wand of confusion (29/48)
 J - a wand of teleportation (4/9)
 N - a wand of flame (17/48)
 R - a wand of polymorph (7/24)
 U - a wand of paralysis (15/24)
Scrolls
 f - 6 scrolls of enchant weapon
 g - 3 scrolls of recharging
 p - 4 scrolls of remove curse
 C - a scroll of blinking
Potions
 a - a potion of magic
 j - 5 potions of curing
 k - 2 potions of ambrosia
 r - 3 potions of cancellation
 s - 2 potions of might
 u - a potion of heal wounds
 w - 4 potions of brilliance
 x - 3 potions of flight
 K - a potion of lignification {unknown}
Books
 c - a book of Battle

   Spells                             Type                      Level
   a - Infusion                       Charms                       1
   b - Shroud of Golubria             Charms/Translocation         2
   c - Song of Slaying                Charms                       2
   d - Spectral Weapon                Hexes/Charms                 3
   e - Regeneration                   Charms/Necromancy            3
 l - Sif Muna's Grimoire of Shape Shifting
   (You found it on level 3 of the Dungeon)

   Spells                             Type                      Level
   a - Beastly Appendage              Transmutation                1
 T - a book of Minor Magic

   Spells                             Type                      Level
   a - Magic Dart                     Conjuration                  1
   b - Blink                          Translocation                2
   c - Call Imp                       Summoning                    2
   d - Repel Missiles                 Charms/Air                   2
   e - Slow                           Hexes                        2
   f - Conjure Flame                  Conjuration/Fire             3
   g - Mephitic Cloud                 Conjuration/Poison/Air       3
Miscellaneous
 E - a crystal ball of energy
Comestibles
 d - 7 bread rations
 I - 5 beef jerkies
 O - 2 slices of pizza
 P - 2 meat rations


   Skills:
 + Level 6.3 Fighting
 + Level 8.1 Long Blades
 + Level 4.3 Armour
 + Level 13.1 Dodging
 * Level 1.5 Shields
 + Level 9.5 Spellcasting
 * Level 3.8 Hexes
 + Level 11.8 Charms
 - Level 0.4 Translocations


You had 17 spell levels left.
You knew the following spells:

 Your Spells              Type           Power        Failure   Level  Hunger
a - Infusion              Chrm           ####         1%          1    None
b - Shroud of Golubria    Chrm/Tloc      ###.......   8%          2    None
c - Spectral Weapon       Hex/Chrm       ####....     8%          3    ##.....
d - Song of Slaying       Chrm           #####...     1%          2    None
e - Regeneration          Chrm/Necr      ###.......   14%         3    ##.....
f - Slow                  Hex            ###.....     17%         2    None


Dungeon Overview and Level Annotations

Branches:
Dungeon (10/15)            Temple (1/1) D:7            Lair (1/8) D:10
    Orc (2/2) D:9             Elf (0/3) Orc:2

Altars:
Ashenzari
Cheibriados
Dithmenos
Elyvilon
Fedhas
Gozag
Kikubaaqudgha
Makhleb
Nemelex Xobeh
Okawaru
Pakellas
Qazlal
Ru
Sif Muna
Trog
Vehumet
Xom
Yredelemnul
Zin
The Shining One

Shops:
D:5 [   Orc:1 [   Orc:2 =[?*

Annotations:
Lair:1 exclusion: ice statue


Innate Abilities, Weirdness & Mutations

You have a pair of small horns on your head.
You are partially covered in molten scales (AC +1).
You are agile. (Dex +2)
You are somewhat resistant to further mutation.
You are robust (+10% HP).
Your muscles are strong. (Str +2)
You expend magic power (3 MP) to strengthen your wands.


Message History

You headbutt the ice devil, but do no damage.
The ice devil is almost dead.
The ice devil completely misses you.
You hit the ice devil. You headbutt the ice devil.
The ice devil is almost dead.
The ice devil hits you but does no damage.
You hit the ice devil but do no damage.
You headbutt the ice devil, but do no damage.
The ice devil is almost dead.
The ice devil hits you.
* * * LOW HITPOINT WARNING * * *
The ice devil freezes you! You resist.
* * * LOW HITPOINT WARNING * * *
You hit the ice devil but do no damage.
You headbutt the ice devil, but do no damage.
The ice devil is almost dead.
The ice devil hits you!
* * * LOW HITPOINT WARNING * * *
The ice devil freezes you! You resist.
You die...

##.... #......
....... #### .......
##..########.......
##....##..##........
#...........4.......
#..∩∩.......@.....⌠.
#.......##..........
##....######........
##..## ##.......
#### ....... .......
#...... ##....


You could see an ice devil.

Vanquished Creatures
  Erolcha (Orc:1)
  The ghost of daning the Carver, a journeyman HESk of Okawaru (D:10)
  An orc high priest (Orc:1)
  The ghost of barakagiga the Ruffian, a novice TrWz of Cheibriados (D:7)
  2 orc knights (Orc:2)
  A hill giant (D:10)
  2 unseen horrors (D:10)
  2 deep elf magi (Orc:2)
  An orc sorcerer (Orc:2)
  Joseph (D:7)
  Psyche (D:9)
  The ghost of Shtopit the Charmwright, a novice FoSk (D:5)
  3 ice devils (IceCv)
  A polar bear (Lair:1)
  6 trolls
  4 yaks (D:10)
  A wyvern (D:9)
  A spriggan (D:7)
  A fire elemental (Orc:2)
  2 water moccasins
  2 swamp drakes
  8 ice beasts
  2 phantoms
  34 orc warriors
  8 centaurs
  9 ogres
  2 crocodiles
  4 giant frogs
  2 big kobolds (D:10)
  A gnoll sergeant (D:4)
  10 scorpions
  6 killer bees (D:10)
  2 howler monkeys (D:5)
  9 crimson imps
  2 jellies
  4 centaur zombies
  A quasit (D:8)
  2 hounds
  3 human zombies (Ossuary)
  11 orc priests
  24 orc wizards
  7 iguanas
  An iron imp (Orc:2)
  7 worker ants
  A big kobold zombie (Ossuary)
  A hound zombie (D:5)
  3 mummies (Ossuary)
  2 worker ant zombies
  10 gnolls
  4 scorpion zombies (Ossuary)
  17 adders
  5 river rats (Sewer)
  5 shadow imps
  15 white imps
  2 oozes (D:1)
  2 adder zombies
  2 adder skeletons
  3 worms
  4 dart slugs
  9 giant geckos
  83 orcs
  9 bats
  6 giant cockroaches
  3 gnoll zombies (Ossuary)
  8 goblins
  6 hobgoblins
  7 jackals
  7 quokkas
  11 ball pythons
  8 giant newts
  A goblin zombie (Ossuary)
  2 hobgoblin zombies (Ossuary)
  A jackal skeleton (D:8)
  33 kobolds
  2 kobold zombies (Ossuary)
  5 orc zombies (Ossuary)
  27 rats
  2 fungi (D:6)
501 creatures vanquished.

Vanquished Creatures (others)
  A centaur (Orc:2)
  2 orcs (Orc:2)
  A gnoll zombie (Ossuary)
  25 spectral weapons
29 creatures vanquished.

Grand Total: 530 creatures vanquished

Notes
Turn   | Place    | Note
--------------------------------------------------------------
     0 | D:1      | matakusis the High Elf Skald began the quest for the Orb.
     0 | D:1      | Reached XP level 1. HP: 14/14 MP: 4/4
    54 | D:1      | Reached XP level 2. HP: 11/19 MP: 3/6
   126 | D:1      | Learned a level 2 spell: Shroud of Golubria
   554 | D:1      | Reached XP level 3. HP: 12/24 MP: 5/8
   703 | D:1      | Learned a level 3 spell: Spectral Weapon
   765 | D:1      | Reached skill level 1 in Armour
  1185 | D:2      | Reached skill level 2 in Dodging
  1475 | D:2      | Reached XP level 4. HP: 29/29 MP: 2/9
  1927 | D:2      | Found a glowing silver altar of Zin.
  1928 | D:2      | Found an opulent altar of Gozag.
  2502 | D:2      | Gained mutation: You have a pair of small horns on your head. [potion of mutation]
  2502 | D:2      | Gained mutation: Your muscles are strong. (Str +2) [potion of mutation]
  2502 | D:2      | Gained mutation: You expend magic power (3 MP) to strengthen your wands. [potion of mutation]
  2525 | D:3      | Reached skill level 3 in Dodging
  2543 | D:3      | Found a radiant altar of Vehumet.
  2553 | D:3      | Found a deep blue altar of Sif Muna.
  2553 | D:3      | Found an ancient bone altar of Kikubaaqudgha.
  2562 | D:3      | Identified Sif Muna's Grimoire of Shape Shifting
  2578 | D:3      | Became a worshipper of Sif Muna the Loreminder
  2623 | D:3      | Learned a level 2 spell: Song of Slaying
  2647 | D:3      | Reached XP level 5. HP: 13/34 MP: 3/10
  3518 | D:4      | Found an iron altar of Okawaru.
  3532 | D:4      | Noticed an ogre
  3542 | D:4      | Killed an ogre
  3542 | D:4      | Reached skill level 4 in Dodging
  3542 | D:4      | Reached XP level 6. HP: 13/41 MP: 1/12
  3984 | D:4      | Reached skill level 5 in Charms
  4217 | D:4      | Found a stormy altar of Qazlal.
  4399 | D:4      | Found a sparkling altar of Nemelex Xobeh.
  4459 | D:4      | Reached skill level 5 in Dodging
  4459 | D:4      | Reached XP level 7. HP: 26/45 MP: 6/14
  4679 | D:5      | Entered Level 5 of the Dungeon
  4698 | D:5      | Found Aqiutal's Armour Boutique.
  4706 | D:5      | Bought a +0 cloak of magic resistance for 138 gold pieces
  4732 | D:5      | You fall through a shaft!
  4732 | D:6      | Found a sacrificial altar of Ru.
  4871 | D:5      | Noticed Shtopit's ghost (novice FoSk)
  4918 | D:5      | Killed Shtopit's ghost
  4918 | D:5      | Reached skill level 6 in Dodging
  4918 | D:5      | Reached skill level 1 in Hexes
  5013 | D:5      | Found a glowing drain.
  5035 | Sewer    | Entered a sewer
  5168 | Sewer    | Reached XP level 8. HP: 42/52 MP: 12/16
  5669 | D:5      | Gained mutation: You are agile. (Dex +2) [potion of beneficial mutation]
  5670 | D:5      | Gained mutation: You are somewhat resistant to further mutation. [potion of beneficial mutation]
  5808 | D:5      | Reached skill level 5 in Spellcasting
  5879 | D:5      | Reached skill level 7 in Dodging
  6232 | D:6      | Reached * piety under Sif Muna
  6267 | D:6      | Found a shadowy altar of Dithmenos.
  6267 | D:6      | Found a burning altar of Makhleb.
  6267 | D:6      | Found an oddly glowing altar of Pakellas.
  6267 | D:6      | Found a shimmering altar of Xom.
  6267 | D:6      | Found a white marble altar of Elyvilon.
  7084 | D:6      | Got a transparent long sword {vamp}
  7088 | D:6      | Identified the +7 long sword of Rupt {vamp, *Drain +Rage rF+++ Int-5} (You took it off an orc warrior on level 6 of the Dungeon)
  7180 | D:7      | Noticed a troll
  7190 | D:7      | Killed a troll
  7190 | D:7      | Reached skill level 8 in Dodging
  7462 | D:7      | Noticed barakagiga's ghost (novice TrWz)
  7503 | D:7      | Found a sand-covered staircase.
  7512 | Ossuary  | Entered an ossuary
  7737 | Ossuary  | Reached XP level 9. HP: 58/58 MP: 13/18
  8200 | D:7      | Killed barakagiga's ghost
  8200 | D:7      | Reached ** piety under Sif Muna
  8200 | D:7      | Reached skill level 9 in Dodging
  8211 | D:7      | Found a staircase to the Ecumenical Temple.
  8272 | D:7      | Noticed Joseph
  8285 | D:7      | Killed Joseph
  8285 | D:7      | Reached skill level 5 in Long Blades
  8301 | D:7      | Got a shimmering quarterstaff {venom}
  8302 | D:7      | Identified the +4 quarterstaff "Lutadeeb" {venom, *Noise Str+5 Dex+3} (You took it off a gnoll on level 7 of the Dungeon)
  8359 | Temple   | Entered the Ecumenical Temple
  8895 | D:7      | Gained mutation: You are robust (+10% HP). [potion of beneficial mutation]
  9132 | D:8      | Reached XP level 10. HP: 71/71 MP: 15/21
  9415 | D:8      | Found a blossoming altar of Fedhas.
  9486 | D:8      | Learned a level 3 spell: Regeneration
 10013 | D:9      | Reached skill level 10 in Dodging
 10095 | D:9      | Found a staircase to the Orcish Mines.
 10321 | D:9      | Noticed Psyche
 10326 | D:9      | Killed Psyche
 10506 | Orc:1    | Entered Level 1 of the Orcish Mines
 10511 | Orc:1    | Noticed an orc high priest
 10729 | Orc:1    | Noticed Erolcha
 10746 | Orc:1    | Killed Erolcha
 10746 | Orc:1    | Reached *** piety under Sif Muna
 10770 | Orc:1    | Reached skill level 11 in Dodging
 10809 | Orc:1    | Killed an orc high priest
 10809 | Orc:1    | Reached skill level 10 in Charms
 10840 | Orc:1    | Reached skill level 5 in Fighting
 10840 | Orc:1    | Reached XP level 11. HP: 20/78 MP: 12/23
 11204 | Orc:1    | Found Oliuschil's Antique Armour Shoppe.
 11212 | Orc:1    | Bought a faintly glowing scale mail for 243 gold pieces
 11222 | Orc:1    | Identified the +6 scale mail of Ru's Indignation {+Blink rF- rN+ Dex+6} (You bought it in a shop on level 1 of the Orcish Mines)
 11333 | Orc:2    | Entered Level 2 of the Orcish Mines
 11428 | Orc:2    | Noticed an orc sorcerer
 11436 | Orc:2    | Killed an orc sorcerer
 11605 | Orc:2    | Found a shimmering altar of Xom.
 11703 | Orc:2    | Noticed an orc knight
 11726 | Orc:2    | Killed an orc knight
 11770 | Orc:2    | Reached skill level 12 in Dodging
 11889 | Orc:2    | Noticed a deep elf mage
 11894 | Orc:2    | Noticed a deep elf mage
 11897 | Orc:2    | Killed a deep elf mage
 11897 | Orc:2    | Reached **** piety under Sif Muna
 11908 | Orc:2    | Killed a deep elf mage
 12135 | Orc:2    | Noticed an orc knight
 12146 | Orc:2    | Killed an orc knight
 12242 | Orc:2    | Found Daosadwonel's Magic Scroll Emporium.
 12242 | Orc:2    | Found Tillewk's Antique Armour Boutique.
 12244 | Orc:2    | Found Vekar's Jewellery Shop.
 12246 | Orc:2    | Found Qaddec's General Store.
 12427 | Orc:2    | Found a staircase to the Elven Halls.
 12763 | Orc:2    | Learned a level 2 spell: Slow
 12937 | D:10     | Entered Level 10 of the Dungeon
 12948 | D:10     | Gained mutation: You are partially covered in molten scales (AC +1). [potion of beneficial mutation]
 13199 | D:10     | Found a staircase to the Lair.
 13199 | D:10     | Noticed daning's ghost (journeyman HESk)
 13205 | D:10     | Noticed a hill giant
 13409 | D:10     | Killed daning's ghost
 13686 | D:10     | Killed an unseen horror
 13686 | D:10     | Reached XP level 12. HP: 57/86 MP: 26/26
 14014 | D:10     | Reached ***** piety under Sif Muna
 14209 | D:10     | Reached skill level 13 in Dodging
 14781 | Lair:1   | Entered Level 1 of the Lair of Beasts
 14841 | Lair:1   | Reached skill level 1 in Shields
 14913 | Lair:1   | Found a frozen archway.
 14942 | IceCv    | Entered an ice cave
 14991 | IceCv    | Slain by an ice devil

Skill      XL: |  1  2  3  4  5  6  7  8  9 10 11 12 |
---------------+-------------------------------------+-----
Charms         | 4 5 6 8 10 11 | 11.8
Armour         | 1 2 3 4 |  4.3
Dodging        | 2 3 4 5 6 8 9 11 12 13 | 13.1
Spellcasting   | 3 4 5 7 9 |  9.5
Fighting       | 3 4 5 6 |  6.3
Hexes          | 1 2 3 |  3.8
Long Blades    | 3 5 6 7 8 |  8.1
Shields        | 1 |  1.5
Translocations | |  0.4

Action                   |  1- 3 |  4- 6 |  7- 9 | 10-12 || total
-------------------------+-------+-------+-------+-------++-------
Melee: Falchion          |     8 |       |    74 |       ||    82
       Dagger            |    97 |   204 |   150 |       ||   451
       Headbutt          |       |    31 |    91 |   196 ||   318
       Long sword        |       |       |   171 |   663 ||   834
 Cast: Infusion          |     7 |     3 |     9 |     2 ||    21
       Shroud of Golubri |    10 |    15 |    36 |    53 ||   114
       Spectral Weapon   |     2 |    12 |    30 |    51 ||    95
       Song of Slaying   |       |     4 |     5 |    17 ||    26
       Regeneration      |       |       |       |    20 ||    20
       Slow              |       |       |       |     6 ||     6
 Abil: Evoke Berserk Rag |       |       |       |     4 ||     4
       Evoke Blink       |       |       |       |     2 ||     2
  Use: Potion            |     1 |     2 |    14 |     6 ||    23
       Scroll            |       |    10 |    14 |     5 ||    29
 Stab: Sleeping          |     1 |     1 |     2 |       ||     4
       Distracted        |       |     2 |     1 |     4 ||     7
       Invisible         |       |       |       |    10 ||    10
  Eat: Chunk             |     3 |    11 |     8 |    33 ||    55
       Bread ration      |       |       |     2 |       ||     2
       Meat ration       |       |       |     1 |       ||     1
       Pizza             |       |       |     1 |       ||     1
Armor: Leather armour    |    29 |    36 |    72 |    29 ||   166
       Scale mail        |       |       |       |   218 ||   218
Dodge: Dodged            |    55 |   102 |   359 |  1291 ||  1807
